 Dungeon Crawl Stone Soup version 0.31.0-1-g2c135a008e (webtiles) character file.

Game seed: 5765135660964495812

660 qw the Shooter (level 7, -5/52 HPs)
             Began as a Djinni Hunter on Jan 24, 2024.
             Slain by a gnoll
             ... wielding a +0 club
              (6 damage)
             ... on level 5 of the Dungeon.
             The game lasted 00:00:19 (3809 turns).

qw the Shooter (Djinni Hunter)                      Turns: 3809, Time: 00:00:19

Health: -5/52      AC:  5    Str: 10    XL:     7   Next: 86%
Gold:   163        EV: 19    Int: 11    God:
                   SH:  0    Dex: 23

rFire   + + .        o - +1 arbalest
rCold   x . .        (shield currently unavailable)
rNeg    . . .        a - +1 leather armour "Osmag Ideve" {Dex+3}
rPois   inf          e - +0 helmet
rElec   .            (no cloak)
rCorr   .            (no gloves)
SInv    .            (boots unavailable)
Will    .....        (no amulet)
Stlth   +            q - +5 ring of evasion
HPRegen 0.00/turn    (no ring)
MPRegen 0.00/turn

%: infuse magic (-6 HP)
@: on fire, about to teleport, flying, inhibited regen, glowing
A: sickness immunity, fire resistance 2, cold vulnerability 1, float, innate
caster, HP casting, extra vitality 1, thin skeletal structure 1, inhibited
regeneration
a: no special abilities


You were on level 5 of the Dungeon.
You visited 1 branch of the dungeon, and saw 5 of its levels.

You collected 299 gold pieces.
You spent 136 gold pieces at shops.


Innate Abilities, Weirdness & Mutations

You are immune to sickness and miasma.
You are immune to poison.
Your flesh is very heat resistant. (rF++)
You are vulnerable to cold. (rC-)
You float through the air rather than walking.
You learn spells naturally, not from books.
Your magical power is your life essence.
You have superior vitality. (+4 MHP)
You have a somewhat thin skeletal structure. (Dex +2, Stealth+)
You do not regenerate when monsters are visible.


   Skills:
 - Level 4.0 Fighting
 - Level 6.0 Ranged Weapons
 - Level 1.0 Armour
 + Level 4.6 Dodging
 - Level 0.7 Stealth


You knew the following spells:

 Your Spells              Type           Power      Damage    Failure   Level
a - Magic Dart            Conj           0%         1d3       43%         1
b - Call Imp              Summ           0%         N/A       58%         2
c - Swiftness             Air            0%         N/A       82%         3
Your spell library was empty.

Inventory:

Hand Weapons
 o - a +1 arbalest (weapon)
Armour
 a - the +1 leather armour "Osmag Ideve" (worn) {Dex+3}
   (You found it on level 4 of the Dungeon)

   Dex+3:     It affects your dexterity (+3).
 e - a +0 helmet (worn)
Jewellery
 q - a +5 ring of evasion (left hand)
Potions
 b - a potion of enlightenment
 d - a potion of heal wounds
 f - a potion of curing
 g - a potion of cancellation
 h - a potion of might
 i - a potion of haste
 l - a potion of berserk rage {unknown}
 n - a potion of ambrosia {unknown}

Dungeon Overview and Level Annotations

Branches:
Dungeon (5/15)
 Temple: D:4-7

Altars:
Gozag
Wu Jian
Xom

Shops:
D:2 **

Annotations:
D:4 2 transporters, qw's ghost, amateur GrHu


Message History

The bombardier beetle is moderately wounded.
The liquid fire burns you!
A gnoll comes into view. It is wielding a +0 spear.
You shoot a bolt.
The bolt closely misses the bombardier beetle.
The gnoll shouts!
The liquid fire burns you! The bombardier beetle misses you.
You shoot a bolt.
The bolt hits the bombardier beetle but does no damage.
The bombardier beetle is moderately wounded.
The liquid fire burns you! Something hits you but does no damage.
The gnoll completely misses you. Something hits you.
The gnoll hits you from afar with a +0 halberd!
The bombardier beetle sprays incendiary fluid at you.
The burning spray misses you.
You shoot a bolt. The bolt hits the bombardier beetle.
The bombardier beetle is moderately wounded.
The liquid fire burns you!
You hear some strange, mumbled words.
A magic dart appears from out of thin air!
The magic dart hits you.
The gnoll hits you from afar with a +0 halberd!
The gnoll hits you from afar with a +0 spear.
The bombardier beetle sprays incendiary fluid at you.
The burning spray misses you. Something misses you.
The gnoll barely misses you. The gnoll misses you.
You shoot a bolt. The bolt hits the bombardier beetle!
You kill the bombardier beetle!
The liquid fire burns you! Something hits you but does no damage.
The gnoll hits you from afar with a +0 halberd!
The gnoll barely misses you.
3809 ||| READING scroll of teleportation.
As you read the scroll of teleportation, it crumbles to dust.
You feel strangely unstable. The liquid fire burns you! Something hits you.
The gnoll hits you with a +0 club.
You die...

........#
.......###
........#
.......#
......###.
#g........
###gg.$.....
#.@{g...#
.......###......#
.....## .......
.... ...#... ...
....... ##
....g#. ##...#
#...


You could see 4 gnolls.

Vanquished Creatures
  A phantom (D:4)
  A necrophage (D:4)
  A bullfrog zombie (D:4)
  3 bombardier beetles
  A crimson imp (D:4)
  An orc priest (D:4)
  A hound (D:3)
  A human zombie (D:4)
  2 hound zombies (D:4)
  2 hound skeletons (D:4)
  Robin (D:3)
  5 adders
  3 gnolls (D:3)
  A shadow imp (D:4)
  A white imp (D:4)
  An adder zombie (D:4)
  An adder skeleton (D:4)
  2 dart slugs
  2 ribbon worms
  7 orcs
  8 endoplasms
  A giant cockroach (D:1)
  19 goblins
  8 hobgoblins
  2 jackals (D:3)
  A quokka (D:2)
  8 ball pythons
  6 bats
  5 frilled lizards
  A jackal zombie (D:4)
  10 kobolds
  A quokka zombie (D:4)
  5 rats
113 creatures vanquished.

Notes
Turn   | Place    | Note
-------+----------+-------------------------------------------
     0 | D:1      | qw the Djinni Hunter began the quest for the Orb.
     0 | D:1      | Reached XP level 1. HP: 18/18 MP: 0/0
     0 | D:1      | 0 ||| qw: Version: 0.3-a-136-gdd3b4e8
     0 | D:1      | 0 ||| qw: Game counter: 1437
     0 | D:1      | 0 ||| qw: Melee chars always use a shield: true
     0 | D:1      | 0 ||| qw: God list: Okawaru
     0 | D:1      | 0 ||| qw: Allow faded altars: false
     0 | D:1      | 0 ||| qw: Do Orc after clearing Dungeon:15 true
     0 | D:1      | 0 ||| qw: Do second Lair branch before Depths: true
     0 | D:1      | 0 ||| qw: Lair rune preference: random
     0 | D:1      | 0 ||| qw: Goals: Normal
     0 | D:1      | 0 ||| PLANNING D:1-11
   297 | D:1      | Reached XP level 2. HP: 23/23 MP: 0/0
   627 | D:1      | Reached XP level 3. HP: 27/28 MP: 0/0
   627 | D:1      | Learned a level 1 spell: Magic Dart
   657 | D:1      | Reached skill level 4 in Ranged Weapons
   734 | D:1      | 734 ||| UPGRADING to +0 ring mail.
   744 | D:1      | 744 ||| DROPPING +0 leather armour.
   745 | D:1      | 745 ||| READING scroll labelled AZADUK NOUMOWI.
   746 | D:1      | 746 ||| READING scroll labelled GEPTUE SIAMPAO.
   747 | D:1      | 747 ||| READING scroll labelled TOAPHI QEFARIXOI.
   751 | D:1      | 751 ||| DRINKING 2 fuming silvery potions.
   752 | D:1      | 752 ||| DRINKING 2 silvery potions.
   753 | D:1      | 753 ||| DROPPING scroll of butterflies.
   876 | D:2      | Found Isisaits's General Store.
   889 | D:2      | 889 ||| SHOPLISTING +4 ring mail "Wuamea" {^Drain *Slow
                  | Dex+3 SInv} (303 gold, have 133).
   889 | D:2      | 889 ||| BUYING potion of mutation (80 gold).
   889 | D:2      | Bought a potion of mutation for 80 gold pieces
   889 | D:2      | 889 ||| SHOPLISTING scroll of brand weapon (95 gold, have
                  | 53).
   890 | D:2      | 890 ||| DRINKING potion of mutation.
   890 | D:2      | Gained mutation: You have hidden genetic defects. [potion
                  | of mutation]
   890 | D:2      | Gained mutation: You are partially covered in large bone
                  | plates. (SH +4) [potion of mutation]
   993 | D:2      | Reached skill level 1 in Armour
  1036 | D:2      | Gained mutation: You do not regenerate when monsters are
                  | visible. [hidden defects]
  1098 | D:2      | Found Ughukk's General Store.
  1124 | D:2      | 1124 ||| BUYING potion of might (56 gold).
  1124 | D:2      | Bought a potion of might for 56 gold pieces
  1124 | D:2      | 1124 ||| SHOPLISTING scroll of teleportation (42 gold, have
                  | 32).
  1217 | D:2      | 1217 ||| READING scroll labelled YBBUFE MIETENU.
  1218 | D:2      | 1218 ||| READING scroll labelled EPNAIV YRHU.
  1219 | D:2      | 1219 ||| DRINKING 2 fizzy grey potions.
  1248 | D:3      | Reached skill level 3 in Fighting
  1248 | D:3      | Reached XP level 4. HP: 35/35 MP: 0/0
  1249 | D:3      | Gained mutation: You are occasionally teleported next to
                  | monsters. [hidden defects]
  1249 | D:3      | Lost mutation: You have hidden genetic defects. [hidden
                  | defects expressed]
  1311 | D:3      | Reached XP level 5. HP: 25/40 MP: 0/0
  1311 | D:3      | Learned a level 2 spell: Call Imp
  1317 | D:3      | 1317 ||| FLEEEEING.
  1318 | D:3      | 1318 ||| FLEEEEING.
  1319 | D:3      | 1319 ||| FLEEEEING.
  1503 | D:3      | 1503 ||| DRINKING potion of mutation.
  1503 | D:3      | Lost mutation: You are partially covered in large bone
                  | plates. (SH +4) [potion of mutation]
  1503 | D:3      | Lost mutation: You are occasionally teleported next to
                  | monsters. [potion of mutation]
  1503 | D:3      | Gained mutation: You have a somewhat thin skeletal
                  | structure. (Dex +2, Stealth+) [potion of mutation]
  1720 | D:3      | Found an opulent altar of Gozag.
  1738 | D:3      | Reached skill level 3 in Dodging
  2101 | D:3      | 2101 ||| READING scroll labelled DEETUVAPHA.
  2101 | D:3      | 2101 ||| IDENTIFYING bubbling white potion
  2102 | D:3      | 2102 ||| READING scroll labelled WUHUQ YNKOWA.
  2125 | D:4      | Noticed Robin
  2125 | D:4      | Found a transporter.
  2128 | D:4      | 2128 ||| STAIRDANCE
  2132 | D:4      | 2132 ||| STAIRDANCE
  2215 | D:4      | 2215 ||| STAIRDANCE
  2232 | D:3      | Reached XP level 6. HP: 16/46 MP: 0/0
  2342 | D:4      | 2342 ||| STAIRDANCE
  2356 | D:4      | 2356 ||| STAIRDANCE
  2381 | D:4      | 2381 ||| STAIRDANCE
  2387 | D:3      | Killed Robin
  2403 | D:3      | 2403 ||| UPGRADING to +0 helmet.
  2410 | D:4      | Noticed qw's ghost (amateur GrHu)
  2574 | D:4      | Found a transporter.
  2586 | D:4      | Reached skill level 5 in Ranged Weapons
  2808 | D:4      | Reached XP level 7. HP: 39/52 MP: 0/0
  2808 | D:4      | Learned a level 3 spell: Swiftness
  3084 | D:4      | 3084 ||| SWAPPING to +0 arbalest.
  3087 | D:4      | 3087 ||| DROPPING +0 shortbow.
  3160 | D:4      | Identified the +1 leather armour "Osmag Ideve" {Dex+3}
  3185 | D:4      | 3185 ||| FLEEEEING.
  3186 | D:4      | 3186 ||| FLEEEEING.
  3187 | D:4      | 3187 ||| FLEEEEING.
  3189 | D:4      | 3189 ||| FLEEEEING.
  3346 | D:4      | Found a shimmering altar of Xom.
  3347 | D:4      | Found an ornate altar of the Wu Jian Council.
  3417 | D:4      | Reached skill level 6 in Ranged Weapons
  3678 | D:4      | 3678 ||| UPGRADING to +1 leather armour "Osmag Ideve"
                  | {Dex+3}.
  3688 | D:4      | 3688 ||| DROPPING +0 ring mail.
  3689 | D:4      | 3689 ||| UPGRADING to +5 ring of evasion.
  3690 | D:4      | 3690 ||| READING 2 scrolls of identify.
  3690 | D:4      | 3690 ||| IDENTIFYING clear potion
  3691 | D:4      | 3691 ||| READING scroll of identify.
  3691 | D:4      | 3691 ||| IDENTIFYING cyan potion
  3692 | D:4      | 3692 ||| READING scroll labelled LAITSOZXAE.
  3692 | D:4      | 3692 ||| ENCHANTING +0 arbalest.
  3693 | D:4      | 3693 ||| DROPPING potion of attraction.
  3778 | D:5      | Entered Level 5 of the Dungeon
  3779 | D:5      | 3779 ||| PLANNING SEWER
  3780 | D:5      | 3780 ||| STAIRDANCE
  3787 | D:5      | 3787 ||| STAIRDANCE
  3801 | D:5      | 3801 ||| RETREEEEATING.
  3802 | D:5      | 3802 ||| RETREEEEATING.
  3808 | D:5      | HP: 12/52 [burnt (2)]
  3808 | D:5      | HP: 5/52 [gnoll/+0 halberd (7)]
  3809 | D:5      | 3809 ||| READING scroll of teleportation.
  3809 | D:5      | HP: 1/52 [something (3)]
  3809 | D:5      | Slain by a gnoll

Levels and vault maps discovered:
D:1:      minmay_arrival_widening_spiral_narrow, layout_loops_ring
D:2:      layout_rooms, serial_forest, infiniplex_forest_lined_corner,
          infiniplex_forest_straight_2, infiniplex_forest_diagonal,
          infiniplex_forest_lined_3_way, infiniplex_forest_lined_corner,
          infiniplex_forest_clump_long, serial_shops, shop,
          nicolae_shop_hallway_plus
D:3:      layout_basic, mainiacjoe_overflow_cross_hatched,
          minmay_goblin_kobold_house
D:4:      layout_loops_ring, lemuel_mausoleum_altar_kikubaaqudgha,
          gammafunk_temple_overflow_statue, gammafunk_ghost_arena,
          minmay_fire_ice_demons, uniq_robin
D:5:      layout_rooms, nicolae_qazlal_general_emergency, gup_sewer_entry_bowl,
          kennysheep_small_circle

Skill      XL: |  1  2  3  4  5  6  7 |
---------------+----------------------+-----
Ranged Weapons | 4 5 6 |  6.0
Armour         | 1 |  1.0
Fighting       | 3 4 |  4.0
Dodging        | 3 4 |  4.6
Stealth        | |  0.7

Action                     |  1- 3 |  4- 6 |  7- 9 || total
---------------------------+-------+-------+-------++-------
   Fire: Shortbow          |    88 |   193 |    37 ||   318
         Arbalest          |       |       |    60 ||    60
    Use: Scroll            |     5 |     2 |     4 ||    11
         Potion            |     4 |     1 |       ||     5
 Armour: Leather armour    |     5 |       |    11 ||    16
         Ring mail         |    13 |   122 |    41 ||   176
  Dodge: Dodged            |    17 |    99 |    64 ||   180
  Block: Other             |     2 |     2 |       ||     4

Table legend:
 A = Non-vault XP
 B = Vault XP
 C = Vault XP percentage of total XP
 D = Non-vault monster count
 E = Vault monster count
 F = Vault count percentage of total count
                 A         B        C        D         E       F
            +---------+---------+-------+---------+---------+-------
      Total |     569 |     375 |  39.7 |      82 |      31 |  27.4
            +---------+---------+-------+---------+---------+-------
        D:1 |      30 |       0 |   0.0 |      18 |       0 |   0.0
        D:2 |      29 |       0 |   0.0 |      13 |       0 |   0.0
        D:3 |     191 |      37 |  16.2 |      28 |      15 |  34.9
        D:4 |     271 |     338 |  55.5 |      22 |      16 |  42.1
        D:5 |      48 |       0 |   0.0 |       1 |       0 |   0.0
            +---------+---------+-------+---------+---------+-------
